 Dungeon Crawl Stone Soup version 0.28-a0-1493-g08698888e4 (webtiles) character file.

Game seed: 9466134971588854165

42 lonewolfV2 the Skirmisher (level 3, -1/33 HPs)
             Began as a Draconian Fighter on Jan 12, 2022.
             Slain by Natasha (8 damage)
             ... on level 2 of the Dungeon.
             The game lasted 00:03:00 (1400 turns).

lonewolfV2 the Skirmisher (Draconian Fighter)       Turns: 1400, Time: 00:03:00

Health: -1/33      AC:  5    Str: 20    XL:     3   Next: 33%
Magic:  3/3        EV: 12    Int:  8    God:
Gold:   79         SH:  0    Dex: 10    Spells: 2/2 levels left

rFire   . . .      SeeInvis .   a - +0 war axe
rCold   . . .      Faith    .   f - orb {*Rage}
rNeg    . . .      Spirit   .   (armour unavailable)
rPois   .          Reflect  .   (helmet restricted)
rElec   .          Harm     .   (no cloak)
rCorr   .          Rampage  .   (no gloves)
Will    .....      Rage     20% (no boots)
Stlth   +.........              (no amulet)
HPRegen 0.11/turn               (no ring)
MPRegen 0.08/turn               (no ring)

@: no status effects
A: AC +5, unfitting armour, cold-blooded
a: no special abilities


You were on level 2 of the Dungeon.
You visited 1 branch of the dungeon, and saw 2 of its levels.

You collected 79 gold pieces.

Inventory:

Hand Weapons
 a - a +0 war axe (weapon)
Armour
 b - a +0 buckler
 f - an orb of wrath (worn)
Scrolls
 g - 2 scrolls of blinking {unknown}
 h - a scroll of enchant armour {unknown}
Potions
 c - a potion of might
 d - 2 potions of curing {unknown}
 e - a potion of degeneration {unknown}


   Skills:
 + Level 3.8 Fighting
 + Level 2.6 Axes
 + Level 3.0 Dodging
 + Level 3.3 Shields


You had 2 spell levels left.
You didn't know any spells.
Your spell library was empty.

Dungeon Overview and Level Annotations

Branches:
Dungeon (2/15)

Altars:

Annotations:
D:2 Natasha


Innate Abilities, Weirdness & Mutations

Your plain brown scales are hard. (AC +5)
You cannot fit into any form of body armour.
You are cold-blooded and may be slowed by cold attacks.


Message History

The kobold shouts!
A kobold is nearby!
A kobold is nearby!
A kobold is nearby!
The kobold hits you but does no damage.
You hit the kobold but do no damage.
Your tail-slap misses the kobold.
The kobold hits you with a +0 short sword.
The kobold hits you but does no damage.
A red film seems to cover your vision as you go berserk!
You feel yourself moving faster!
You feel mighty!
You slash the kobold!
You kill the kobold!
Things that are here:
a +0 short sword; a kobold corpse You feel a strong urge to attack something.
Calm down first, please.
Calm down first, please.
Calm down first, please.
You feel your anger nearly subside.
You are no longer berserk.
You are exhausted.
You feel yourself slow down.
You feel yourself speed up.
You recover from your berserk rage.
You open the door.
There is an open door here.
h - a scroll labelled IVEUGEU VAEWE Natasha, Servant of Life and Death comes into view.
Natasha wildly gestures.
Natasha glows brightly for a moment.
Natasha drinks a potion.
Natasha flickers and vanishes!
Deactivating autopickup; reactivate with Ctrl-A.
There is a strange disturbance nearby!
There is a strange disturbance nearby!
Something claws you.
You miss something. Something claws you.
You closely miss something.
Your tail-slap misses something.
Something claws you. Something claws you!
You miss something. Something claws you!
* * * LOW HITPOINT WARNING * * *
You barely miss something. Something claws you!
You die...

#.....#
#.....#
#.....####
#........##.#
#...........#
#......#.#
######.#..
#.########
#.@.......
##########


There were no monsters in sight!

Vanquished Creatures
  An adder (D:2)
  2 dart slugs (D:2)
  A ball python (D:1)
  An endoplasm (D:1)
  2 giant cockroaches (D:2)
  3 goblins (D:1)
  4 hobgoblins
  3 kobolds
  A quokka (D:1)
  5 bats
  A rat (D:1)
24 creatures vanquished.

Notes
Turn   | Place    | Note
-------+----------+-------------------------------------------
     0 | D:1      | lonewolfV2 the Draconian Fighter began the quest for the
                  | Orb.
     0 | D:1      | Reached XP level 1. HP: 19/19 MP: 1/1
   210 | D:1      | Reached XP level 2. HP: 24/26 MP: 2/2
  1246 | D:2      | Reached XP level 3. HP: 33/33 MP: 3/3
  1394 | D:2      | Noticed Natasha
  1400 | D:2      | Slain by Natasha

Illustrated notes

Levels and vault maps discovered:
D:1:      evilmike_arrival_crescent, layout_loops_ring
D:2:      layout_basic, uniq_natasha

Skill      XL: |  1  2  3 |
---------------+----------+-----
Dodging        | 3 |  3.0
Fighting       | |  3.8
Axes           | |  2.6
Shields        | |  3.3

Action                   || total
-------------------------++-------
Melee: War axe           ||    56
       Tailslap          ||     9
  Use: Scroll            ||     2
Armor: Skin              ||    23
Dodge: Dodged            ||    57
Block: Buckler           ||     5

Table legend: (Time is in decaauts)
 A = Elapsed time spent in this place.
 B = Non-inter-level travel time spent in this place.
 C = Inter-level travel time spent in this place.
 D = Time resting spent in this place.
 E = Time spent auto-exploring this place.
 F = Levels seen in this place.
 G = Mean time per level.
                   A        B        C        D        E       F      G
               +--------+--------+--------+--------+--------+-----+--------+
         Total |   1479 |   1466 |     13 |      0 |   1156 |   2 |  739.5 |
       Dungeon |   1479 |   1466 |     13 |      0 |   1156 |   2 |  739.5 |
               +--------+--------+--------+--------+--------+-----+--------+

Top non-repeatable levels by time:
     D:1: 773 daAuts
     D:2: 706 daAuts
